 Dungeon Crawl Stone Soup version 0.29-a0-334-gb41bcbb86e (webtiles) character file.

Game seed: 5945999248942308158

79 spaghetti the Grave Robber (level 4, -4/36 HPs)
             Began as a Deep Dwarf Necromancer on Apr 15, 2022.
             Slain by Crazy Yiuf
             ... wielding a +3 quarterstaff of chaos
              (12 damage)
             ... on level 2 of the Dungeon.
             The game lasted 00:04:54 (2497 turns).

spaghetti the Grave Robber (Deep Dwarf Necromancer) Turns: 2497, Time: 00:04:55

Health: -4/36      AC:  2    Str: 10 (12) XL:     4   Next: 17%
Magic:  0/7        EV: 12    Int: 16 (17) God:
Gold:   109        SH:  0    Dex: 12 (13) Spells: 3/8 levels left

rFire   . . .      SeeInvis .   g - +0 dagger {short}
rCold   . . .      Faith    .   (no shield)
rNeg    + . .      Spirit   .   a - +0 robe
rPois   .          Reflect  .   (no helmet)
rElec   .          Harm     .   (no cloak)
rCorr   +          Rampage  .   (no gloves)
Will    .....                   (no boots)
Stlth   ++........              (no amulet)
HPRegen 0.00/turn               o - ring of resist corrosion
MPRegen 0.10/turn               w - ring of positive energy

@: invisible, unable to read
A: damage resistance, heal wounds, sense surroundings 1, no regeneration, fangs
1, inability to read while threatened
a: Heal Wounds


You were on level 2 of the Dungeon.
You visited 1 branch of the dungeon, and saw 2 of its levels.

You collected 109 gold pieces.


Innate Abilities, Weirdness & Mutations

You are resistant to damage.
You can heal yourself by infusing magical energy.
You passively map a small area around you.
You do not regenerate.
You have very sharp teeth.
You sometimes lose the ability to read scrolls when taking damage.


   Skills:
 + Level 2.5 Dodging
 - Level 2.4 Stealth
 + Level 2.5 Spellcasting
 * Level 5.6 Necromancy


You had 3 spell levels left.
You knew the following spells:

 Your Spells              Type           Power      Damage    Failure   Level
a - Pain                  Necr           80%        1d8       1%          1
b - Animate Skeleton      Necr           40%        N/A       1%          1
c - Vampiric Draining     Necr           20%        2d7       6%          3

Your spell library contained the following spells:

 Spells                   Type           Power      Damage    Failure   Level
 Animate Dead             Necr           10%        N/A       19%         4
 Agony                    Necr           20%        N/A       47%         5

Inventory:

Hand Weapons
 b - a +0 morningstar {mace}
   (You took it off an orc on level 2 of the Dungeon)
 g - a +0 dagger (weapon) {short}
   (You took it off a kobold on level 1 of the Dungeon)
Missiles
 c - 3 poisoned darts {throwing}
 d - 75 stones (quivered) {throwing}
 k - 2 boomerangs {throwing}
Armour
 a - a +0 robe (worn)
 u - the +3 leather armour "Huimaef" {rCorr}
   (You found it on level 2 of the Dungeon)

   rCorr:     It protects you from acid and corrosion.
Jewellery
 o - a ring of resist corrosion (left hand)
   (You found it on level 2 of the Dungeon)
 w - a ring of positive energy (right hand)
   (You found it on level 2 of the Dungeon)
Scrolls
 e - 2 scrolls of fear {unknown}
 h - a scroll of teleportation {unknown}
 i - a scroll of torment {unknown}
 j - 3 scrolls of enchant armour {unknown}
 l - a scroll of magic mapping {unknown}
 n - a scroll of silence {unknown}
 p - 3 scrolls of identify {unknown}
 s - a scroll of vulnerability {unknown}
 t - a scroll of fog {unknown}
Potions
 f - a potion of curing {@q1}
 v - a potion of brilliance

Dungeon Overview and Level Annotations

Branches:
Dungeon (2/15)

Altars:

Annotations:
D:2 Crazy Yiuf

#.# #.#
#.# #.#
#.# ###
#># #.#
#.# #.#
#####
#.# #.#
#)..#
##.# #.#
#...#
...# #.#
*...
#### #.#
#g# #.#
#@## #.#
##.# #.#
#.## #.#
##.# #.#
##.##
#.#
##P..#
#.#
#PP.P#
#.#
#....#
######.#
#....#


You could see Crazy Yiuf (can't see you).


Message History

Aim: Crazy Yiuf, wielding a +3 quarterstaff of chaos and wearing a +0 cloak You draw life force from Crazy Yiuf.
You feel life coursing into your body.
Crazy Yiuf hits you with a +3 quarterstaff of chaos.
Crazy Yiuf freezes you. 😕 HP[+2] MP[-3]
You regained 2 hp, and now have 30/36 hp.
You lost 3 mp, and now have 4/7 mp.
Casting: Vampiric Draining (dangerous; 5% risk of failure)
Confirm with . or Enter, or press ? or * to list all spells.
Aiming: Vampiric Draining (dangerous; 5% risk of failure)
Press: ? - help, Shift-Dir - straight line, f/p - Crazy Yiuf
Aim: Crazy Yiuf, wielding a +3 quarterstaff of chaos and wearing a +0 cloak (moderately wounded)
You draw life force from Crazy Yiuf.
You feel life coursing into your body.
Crazy Yiuf closely misses you. 😕 HP[+2] MP[-3]
You regained 2 hp, and now have 32/36 hp.
You lost 3 mp, and now have 1/7 mp.
Casting: Vampiric Draining (dangerous; 5% risk of failure)
Confirm with . or Enter, or press ? or * to list all spells.
You don't have enough magic to cast this spell.
Casting: Vampiric Draining (dangerous; 5% risk of failure)
Confirm with . or Enter, or press ? or * to list all spells.
Aiming: Pain (safe; 1% risk of failure)
Press: ? - help, Shift-Dir - straight line, f/p - Crazy Yiuf
Aim: Crazy Yiuf, wielding a +3 quarterstaff of chaos and wearing a +0 cloak (heavily wounded, chance to affect: 85%) Crazy Yiuf writhes in agony.
Crazy Yiuf hits you with a +3 quarterstaff of chaos! 😮 HP[-10] MP[-1]
You take 10 damage, and now have 22/36 hp.
MASSIVE DAMAGE!! (PAUSE)
You lost 1 mp, and now have 0/7 mp.
You aren't carrying any items that you can evoke.
Okay, then.
It was a potion of degeneration.
There was something very wrong with that liquid.
You feel weakened.
You feel dopey.
You feel clumsy.
Crazy Yiuf hits you with a +3 quarterstaff of chaos!
* * * LOW HITPOINT WARNING * * *
Crazy Yiuf burns you. 😨 HP[-6]
You take 6 damage, and now have 16/36 hp.
It was a potion of mutation.
You feel extremely strange.
You lose the ability to read scrolls when threatened.
Your teeth lengthen and sharpen.
Crazy Yiuf hits you with a +3 quarterstaff of chaos!
You feel threatened and lose the ability to read scrolls!
* * * LOW HITPOINT WARNING * * *
Crazy Yiuf draws strength from your wounds! 😱 HP[-11]
You take 11 damage, and now have 5/36 hp.
MASSIVE DAMAGE!! (PAUSE)
You aren't carrying any items that you can evoke.
Okay, then.
It was a potion of heal wounds.
You feel much better.
Crazy Yiuf hits you with a +3 quarterstaff of chaos. 😮 HP[+21]
You regained 21 hp, and now have 26/36 hp.
Unknown command.
You hit Crazy Yiuf.
Crazy Yiuf hits you with a +3 quarterstaff of chaos!
* * * LOW HITPOINT WARNING * * *
😨 HP[-11]
You take 11 damage, and now have 15/36 hp.
MASSIVE DAMAGE!! (PAUSE)
You aren't carrying any items that you can evoke.
Okay, then.
You feel much better.
Crazy Yiuf hits you with a +3 quarterstaff of chaos!
You fade into invisibility! 😮 HP[+12]
You regained 12 hp, and now have 27/36 hp.
You hit Crazy Yiuf but do no damage.
Crazy Yiuf hits you with a +3 quarterstaff of chaos!
* * * LOW HITPOINT WARNING * * *
Crazy Yiuf freezes you.
* * * LOW HITPOINT WARNING * * *
😨 HP[-12]
You take 12 damage, and now have 15/36 hp.
MASSIVE DAMAGE!! (PAUSE) Unknown command.
You barely miss Crazy Yiuf.
Crazy Yiuf glowers.
Crazy Yiuf closely misses you. 😨 MP[+1] Unknown command.
Unknown command.
Casting: Pain (safe; 1% risk of failure)
Confirm with . or Enter, or press ? or * to list all spells.
Aiming: Pain (safe; 1% risk of failure)
Press: ? - help, Shift-Dir - straight line, f/p - Crazy Yiuf
Aim: Crazy Yiuf, wielding a +3 quarterstaff of chaos and wearing a +0 cloak (severely wounded, can't see you, chance to affect: 84%) Crazy Yiuf writhes in agony.
Crazy Yiuf hits you with a +3 quarterstaff of chaos!
* * * LOW HITPOINT WARNING * * *
😱 HP[-7] MP[-1]
You take 7 damage, and now have 8/36 hp.
You lost 1 mp, and now have 0/7 mp.
You barely miss Crazy Yiuf. You bite Crazy Yiuf.
Crazy Yiuf hits you with a +3 quarterstaff of chaos!
You die...

Skill      XL: |  1  2 |
---------------+-------+-----
Spellcasting   | 2 |  2.5
Necromancy     | 5 |  5.6
Dodging        | |  2.5
Stealth        | |  2.4

Action                   |  1- 3 |  4- 6 || total
-------------------------+-------+-------++-------
Melee: Unarmed           |     4 |       ||     4
       Dagger            |    27 |     4 ||    31
       Punch             |     1 |       ||     1
       Bite              |       |     1 ||     1
Throw: Stone             |     9 |       ||     9
       Boomerang         |     1 |       ||     1
 Cast: Pain              |    54 |    11 ||    65
       Animate Skeleton  |     1 |       ||     1
       Vampiric Draining |     6 |     5 ||    11
  Use: Potion            |     2 |     4 ||     6
Armor: Robe              |     7 |       ||     7
Dodge: Dodged            |    30 |     4 ||    34

Levels and vault maps discovered:
D:1:      mainiacjoe_arrival_reflecting_pool, layout_basic, moated_statue,
          st_stairs_3, minmay_misc_feat_cross
D:2:      minmay_spotlight, layout_loops_ring, uniq_crazy_yiuf_cottage

Notes
Turn   | Place    | Note
-------+----------+-------------------------------------------
     0 | D:1      | spaghetti the Deep Dwarf Necromancer began the quest for
                  | the Orb.
     0 | D:1      | Reached XP level 1. HP: 15/15 MP: 3/3
     0 | D:1      | magus.rc [v1.9.6]
   387 | D:1      | Reached skill level 2 in Spellcasting
   389 | D:1      | Learned a level 1 spell: Animate Skeleton
   494 | D:1      | Reached XP level 2. HP: 20/22 MP: 0/5
  1189 | D:2      | Reached skill level 5 in Necromancy
  1266 | D:2      | Reached XP level 3. HP: 10/28 MP: 4/6
  1272 | D:2      | Learned a level 3 spell: Vampiric Draining
  1709 | D:2      | Found a runed translucent door.
  1710 | D:2      | Noticed Crazy Yiuf
  1872 | D:2      | Reached XP level 4. HP: 20/36 MP: 0/7
  1972 | D:2      | Identified the +3 leather armour "Huimaef" {rCorr}
  2490 | D:2      | Gained mutation: You sometimes lose the ability to read
                  | scrolls when taking damage. [potion of mutation]
  2490 | D:2      | Gained mutation: You have very sharp teeth. [potion of
                  | mutation]
  2490 | D:2      | HP: 5/36 [Crazy Yiuf/+3 quarterstaff of chaos (11)]
  2496 | D:2      | HP: 8/36 [Crazy Yiuf/+3 quarterstaff of chaos (7)]
  2497 | D:2      | Slain by Crazy Yiuf

Vanquished Creatures
  2 adders (D:2)
  2 dart slugs
  4 orcs (D:2)
  6 endoplasms
  2 goblins (D:2)
  A hobgoblin (D:2)
  5 jackals (D:2)
  6 kobolds
  3 quokkas
  6 ball pythons
  5 bats (D:2)
  A frilled lizard (D:1)
  6 rats
49 creatures vanquished.

Table legend:
 A = Non-vault XP
 B = Vault XP
 C = Vault XP percentage of total XP
 D = Non-vault monster count
 E = Vault monster count
 F = Vault count percentage of total count
                 A         B        C        D         E       F
            +---------+---------+-------+---------+---------+-------
      Total |     102 |      12 |  10.5 |      43 |       6 |  12.2
            +---------+---------+-------+---------+---------+-------
        D:1 |      25 |       1 |   3.8 |      15 |       1 |   6.2
        D:2 |      77 |      11 |  12.5 |      28 |       5 |  15.2
            +---------+---------+-------+---------+---------+-------

Illustrated notes

Table legend:
 A = Kills in this place as a percentage of kills in entire the game.
 B = Kills by you in this place as a percentage of kills by you in the entire game.
 C = Kills by friends in this place as a percentage of kills by friends in the entire game.
 D = Other kills in this place as a percentage of other kills in the entire game.
 E = Experience gained in this place as a percentage of experience gained in the entire game.
 F = Experience gained in this place divided by the number of levels of this place that you have seen.
                   A       B       C       D       E      F
               +-------+-------+-------+-------+-------+----------------------
         Total | 100.0 | 100.0 |   N/A |   N/A | 100.0 |  57.0
       Dungeon | 100.0 | 100.0 |   N/A |   N/A | 100.0 |  57.0
               +-------+-------+-------+-------+-------+----------------------

Table legend: (Time is in decaauts)
 A = Elapsed time spent in this place.
 B = Non-inter-level travel time spent in this place.
 C = Inter-level travel time spent in this place.
 D = Time resting spent in this place.
 E = Time spent auto-exploring this place.
 F = Levels seen in this place.
 G = Mean time per level.
                   A        B        C        D        E       F      G
               +--------+--------+--------+--------+--------+-----+--------+
         Total |   2496 |   2426 |     70 |    199 |   1948 |   2 | 1248.0 |
       Dungeon |   2496 |   2426 |     70 |    199 |   1948 |   2 | 1248.0 |
               +--------+--------+--------+--------+--------+-----+--------+

Top non-repeatable levels by time:
     D:2: 1313 daAuts
     D:1: 1182 daAuts
